Workbook

Sheet Parameters
B1: PARAMETERS
B3: CU & SU Calculator
B4: nr of logical CPU cores | C4: 8 | D4: in logical cores
B5: nr of GB or memory | C5: 32 | D5: GB mem
B6: nr of HDD space | C6: 10000 | D6: GB harddisk
B7: nr of SSD space | C7: 1000 | D7: GB ssd
B9: nr CU | C9: =MIN((C5-1)/4,C4*4/2) -> 7.75
B10: nr SU | C10: =C6/1200+(C7/300)*0.8 -> 11
B11: nr NU per month | C11: =C9*30 -> 232.5 | D11: nr GB the environment will use, default 30x CU
B13: investment cost HW | C13: 1400
B14: Power utilization | C14: 40 | D14: watt
B15: Power cost kw/h | C15: 0.15
B17: TFT pricing for capacity
B18: avg discount | C18: 0.3 | D18: max 60% | J18: discount as people stake their tokens in their wallet
B19: CU | C19: =G19/C$29*(1-avgdiscount) -> 40 | D19: mTFT/hour (1/1000) | G19: 30 | H19: mUSD/hour | J19: pegged to USD, tft price calculated back from USD price every hour
B20: SU | C20: =G20/C$29*(1-avgdiscount) -> 20 | D20: mTFT/hour (1/1000) | G20: 15 | H20: mUSD/hour
B22: TFT reward | G22: for DIY | H22: certified 25% higher
B23: reward per CU | C23: =G23/C$28 -> 48 | D23: TFT | G23: =16*0.15 -> 2.4 | H23: in USD | J23: is registered on TFChain, at registration
B24: reward per SU | C24: =G24/C$28 -> 30 | D24: TFT | G24: =10*0.15 -> 1.5 | H24: in USD | J24: pegged to USD
B25: reward per NU | C25: =G25/C$28 -> 0.6 | D25: TFT | G25: =0.2*0.15 -> 0.03 | H25: in USD | J25: not registered on TFChain, so not fixed
B27: Token Price
B28: price of TFT at point of registration on blockchain | C28: 0.05 | D28: USD
B29: average token price | C29: =(C28+C30)/2 -> 0.525 | D29: USD
B30: token price after 5 years | C30: 1 | D30: USD

Sheet Certified Calculator
G1: Change only RED Cells
B2: Farming Reward Calculator Certified | C2: CU | D2: SU | E2: NU
B5: Cloud Unit sales price (avg out) in TFT | C5: =cuprice*24*30/1000*(1+25%) -> 36 | D5: =suprice*24*30/1000*(1+25%) -> 18 | G5: TFT per month, after discount, averaged out
B7: farming reward | C7: =Parameters!C23*1.25 -> 60 | D7: =Parameters!C24*1.25 -> 37.5 | E7: =nutft -> 0.6 | G7: in TFT per unit, registered on blockchain when registering for CU/SU only, pegged to USD
B9: nr of cloud units for proof of capacity | C9: =Parameters!C9 -> 7.75 | D9: =Parameters!C10 -> 11 | G9: CU & SU is same for each month, NU is avg used GB per month (input comes from CU_SU_calculator TAB)
B10: avg usage of capacity over 5Y | C10: 0.75 | D10: =C10 -> 0.75
B11: nr of cloud units for proof of utilization | C11: =C10*C9 -> 5.8125 | D11: =D10*D9 -> 8.25 | E11: =numonth -> 232.5 | G11: how many units where used average per month over 5 years
B13: percent of capacity farmer has been able to sell directly | C13: 0.1 | G13: farmer acts as own sales channel
B15: power utilization (average) | C15: =powerutilisation -> 40 | G15: watt
B17: token price start | C17: =tokenpricestart -> 0.05 | G17: USD
B18: token price avg (over 5Y) | C18: =(C17+C19)/2 -> 0.525 | G18: USD
B19: token price end | C19: =tokenend -> 1 | G19: USD
B21: monthly income TFT proof of capacity | C21: =C9*C7 -> 465 | D21: =D9*D7 -> 412.5 | G21: TFT
B22: monthly income TFT proof of utilization | C22: =C5*C11*(10%+40%*$C13) -> 29.295 | D22: =D5*D11*(10%+40%*$C13) -> 20.79 | E22: =E11*nutft -> 139.5 | G22: TFT
B24: nr of TFT at end of 5 Year | C24: =(C21+C22)*60 -> 29657.7 | D24: =(D21+D22)*60 -> 25997.4 | E24: =(E21+E22)*60 -> 8370 | G24: TFT over 5 Year
B25: USD income at end of 5 Year | C25: =C24*$C19 -> 29657.7 | D25: =D24*$C19 -> 25997.4 | E25: =E24*$C19 -> 8370 | G25: USD income over 5 years (TFT price at end)
B27: Total income | C27: =SUM(C25:E25) -> 64025.1 | G27: USD
B28: Investment cost hardware | C28: =hwcost -> 1400 | G28: USD
B29: Power cost kw/h | C29: =power_cost -> 0.15 | G29: USD
B30: Cost of power usage total | C30: =C15*24*365*C29/1000*5 -> 262.8 | G30: USD
B31: net profit | C31: =C27-C30-C28 -> 62362.3
B33: ROI | C33: =(C27-(C28+C30))/(C28+C30) -> 37.50439
B36: remarks
B37: - Once a node is registered the Cloud Unit reward are registered on the blockchain, your farming will be in line with those parameters till end of life.
B38: - Farmed TFT gets staked (pooled) per 3Node (per server) and only unlock if +30% is used of capacity or max of 24 months.
B39: - Minimal SLA's need to be achieved before the farming reward can be earned (uptime, bandwidth, latency, ...)
B40: - If you delete your 3Node, the staked tokens will remain on your name and come available after 24 months since start.
B41: - you can sell your own capacity, this will give you additional 40% cultivation rewards (so 50% total), the rest is for marketing and burning.
B42: - These are farming logic terms for 3.0
B43: - Cost of rackspace of datacenter is not in this simulation
B48: See our ThreeFold library for more info
B51: THIS SHEET IS DELIVERED AS IS, NO PROMISES IN ANY SENSE ARE MADE
B52: TFT is not an investment

Sheet DIY Calculator
G1: Change only RED Cells
B2: Farming Reward Calculator Certified | C2: CU | D2: SU | E2: NU
B5: Cloud Unit sales price (avg out) in TFT | C5: =cuprice*24*30/1000 -> 28.8 | D5: =suprice*24*30/1000 -> 14.4 | G5: TFT per month, after discount, averaged out
B7: farming reward | C7: =Parameters!C23 -> 48 | D7: =Parameters!C24 -> 30 | E7: =nutft -> 0.6 | G7: in TFT per unit, registered on blockchain when registering for CU/SU only, pegged to USD
B9: nr of cloud units for proof of capacity | C9: =Parameters!C9 -> 7.75 | D9: =Parameters!C10 -> 11 | G9: CU & SU is same for each month, NU is avg used GB per month (input comes from CU_SU_calculator TAB)
B10: avg usage of capacity over 5Y | C10: 0.75 | D10: =C10 -> 0.75
B11: nr of cloud units for proof of utilization | C11: =C10*C9 -> 5.8125 | D11: =D10*D9 -> 8.25 | E11: =numonth -> 232.5 | G11: how many units where used average per month over 5 years
B13: percent of capacity farmer has been able to sell directly | C13: 0.1 | G13: farmer acts as own sales channel
B15: power utilization (average) | C15: =powerutilisation -> 40 | G15: watt
B17: token price start | C17: =tokenpricestart -> 0.05 | G17: USD
B18: token price avg (over 5Y) | C18: =(C17+C19)/2 -> 0.525 | G18: USD
B19: token price end | C19: =tokenend -> 1 | G19: USD
B21: monthly income TFT proof of capacity | C21: =C9*C7 -> 372 | D21: =D9*D7 -> 330 | G21: TFT
B22: monthly income TFT proof of utilization | C22: =C5*C11*(10%+40%*$C13) -> 23.436 | D22: =D5*D11*(10%+40%*$C13) -> 16.632 | E22: =E11*nutft -> 139.5 | G22: TFT
B24: nr of TFT at end of 5 Year | C24: =(C21+C22)*60 -> 23726.16 | D24: =(D21+D22)*60 -> 20797.92 | E24: =(E21+E22)*60 -> 8370 | G24: TFT over 5 Year
B25: USD income at end of 5 Year | C25: =C24*$C19 -> 23726.16 | D25: =D24*$C19 -> 20797.92 | E25: =E24*$C19 -> 8370 | G25: USD income over 5 years (TFT price at end)
B27: Total income | C27: =SUM(C25:E25) -> 52894.08 | G27: USD
B28: Investment cost hardware | C28: =hwcost -> 1400 | G28: USD
B29: Power cost kw/h | C29: =power_cost -> 0.15 | G29: USD
B30: Cost of power usage total | C30: =C15*24*365*C29/1000*5 -> 262.8 | G30: USD
B31: net profit | C31: =C27-C30-C28 -> 51231.28
B33: ROI | C33: =(C27-(C28+C30))/(C28+C30) -> 30.810248
B36: remarks
B37: - Once a node is registered the Cloud Unit reward are registered on the blockchain, your farming will be in line with those parameters till end of life.
B38: - Farmed TFT gets staked (pooled) per 3Node (per server) and only unlock if +30% is used of capacity or max of 24 months.
B39: - Minimal SLA's need to be achieved before the farming reward can be earned (uptime, bandwidth, latency, ...)
B40: - If you delete your 3Node, the staked tokens will remain on your name and come available after 24 months since start.
B41: - you can sell your own capacity, this will give you additional 40% cultivation rewards (so 50% total), the rest is for marketing and burning.
B42: - These are farming logic terms for 3.0
B43: - Cost of rackspace of datacenter is not in this simulation
B48: See our ThreeFold library for more info
B51: THIS SHEET IS DELIVERED AS IS, NO PROMISES IN ANY SENSE ARE MADE
B52: TFT is not an investment
